 Dungeon Crawl Stone Soup version 0.29.1-2-gbd0b4ee654 (webtiles) character file.

Game seed: 9067319237946640564

196 zeram the Shield-Bearer (level 5, -1/47 HPs)
             Began as a Gnoll Fighter on Nov 14, 2022.
             Slain by a ball python (3 damage)
             ... while paralysed by Grinder
             ... on level 4 of the Dungeon.
             The game lasted 00:05:35 (2591 turns).

zeram the Shield-Bearer (Gnoll Fighter)             Turns: 2591, Time: 00:05:35

Health: -1/47      AC:  7    Str: 15    XL:     5   Next: 75%
Magic:  7/7        EV: -1    Int: 10    God:
Gold:   108        SH:  0    Dex: 11    Spells: 7/7 levels left

rFire   . . .      SeeInvis .   e - +3 spear (protect)
rCold   . . .      Faith    .   n - +0 kite shield
rNeg    . . .      Spirit   .   b - +0 scale mail
rPois   +          Reflect  .   (no helmet)
rElec   .          Harm     .   (no cloak)
rCorr   .          Rampage  .   (no gloves)
Will    .....                   (no boots)
Stlth   ..........              j - amulet of magic regeneration
HPRegen 0.15/turn               o - ring of poison resistance
MPRegen 0.50/turn               (no ring)

@: paralysed, mighty, constricted
A: fangs 1, strong nose, distributed training
a: no special abilities


You were on level 4 of the Dungeon.
You visited 1 branch of the dungeon, and saw 4 of its levels.

You collected 108 gold pieces.

Inventory:

Hand Weapons
 a - a +0 war axe
 e - a +3 spear of protection (weapon)
Armour
 b - a +0 scale mail (worn)
 c - a +0 buckler
 n - a +0 kite shield (worn)
Jewellery
 j - an amulet of magic regeneration (around neck)
 o - a ring of poison resistance (left hand)
Scrolls
 i - a scroll of teleportation {unknown}
 k - a scroll of immolation {unknown}
 l - a scroll of noise {unknown}
 m - 7 scrolls of identify {unknown}
 p - a scroll of silence {unknown}
 q - a scroll of blinking {unknown}
 r - 2 scrolls of vulnerability {unknown}
 s - a scroll of magic mapping {unknown}
 t - a scroll of enchant armour {unknown}
Potions
 d - 3 potions of might
 f - 2 potions of magic {unknown}
 g - 4 potions of curing {unknown}
 u - a potion of berserk rage {unknown}
 v - a potion of degeneration {unknown}


   Skills:
 + Level 6.7 Fighting
 + Level 1.7 Short Blades
 + Level 1.7 Long Blades
 + Level 4.9 Axes
 + Level 1.7 Maces & Flails
 + Level 1.7 Polearms
 + Level 1.7 Staves
 + Level 1.7 Ranged Weapons
 + Level 1.7 Throwing
 + Level 6.7 Armour
 + Level 1.7 Dodging
 + Level 1.7 Stealth
 + Level 6.7 Shields
 + Level 1.7 Unarmed Combat
 + Level 1.7 Spellcasting
 + Level 1.3 Conjurations
 + Level 1.3 Hexes
 + Level 1.3 Summonings
 + Level 1.3 Necromancy
 + Level 1.3 Translocations
 + Level 1.3 Transmutations
 + Level 1.3 Fire Magic
 + Level 1.3 Ice Magic
 + Level 1.3 Air Magic
 + Level 1.3 Earth Magic
 + Level 1.3 Poison Magic
 + Level 1.9 Invocations
 + Level 1.7 Evocations


You had 7 spell levels left.
You didn't know any spells.
Your spell library contained the following spells:

 Spells                   Type           Power      Damage    Failure   Level
 Static Discharge         Conj/Air       3%         3-4/arc   94%         2
 Gell's Gravitas          Tloc           3%         N/A       99%         3
 Lesser Beckoning         Tloc           3%         N/A       99%         3
 Summon Guardian Golem    Hex/Summ       3%         N/A       99%         3
 Teleport Other           Tloc           3%         N/A       99%         3
 Lightning Bolt           Conj/Air       1%         1d12      100%        5
 Orb of Destruction       Conj           1%         9d5       100%        7
 Spellforged Servitor     Conj/Summ      1%         N/A       100%        7
 Maxwell's Capacitive Co  Air            1%         ∞         100%        8


Dungeon Overview and Level Annotations

Branches:
Dungeon (4/15)
 Temple: D:4-7

Altars:
Ashenzari
Wu Jian

Annotations:
D:4 1 runed translucent door, Grinder


Innate Abilities, Weirdness & Mutations

You have very sharp teeth.
Your uncanny sense of smell can sniff out nearby items.
Your experience applies equally to all skills.


Message History

Grinder hits you.
* * * LOW HITPOINT WARNING * * *
You writhe in agony.
* * * LOW HITPOINT WARNING * * *
You closely miss Grinder.
Grinder is moderately wounded.
You block the ball python's attack. The ball python constricts you.
You block the ball python's attack. The ball python constricts you.
* * * LOW HITPOINT WARNING * * *
Grinder barely misses you.
You barely miss Grinder.
Grinder is moderately wounded.
You block the ball python's attack. The ball python constricts you.
Grinder barely misses you.
You hit Grinder.
Grinder is moderately wounded.
The ball python bites you but does no damage.
The ball python constricts you. You block Grinder's attack.
The ball python bites you but does no damage.
The ball python constricts you.
Unknown command.
You barely miss Grinder. Your bite misses Grinder.
Grinder is moderately wounded.
Grinder barely misses you. The ball python closely misses you.
The ball python constricts you.
Unknown command.
You feel very mighty all of a sudden. Grinder gestures at you.
You suddenly lose the ability to move!
The ball python bites you but does no damage.
The ball python constricts you.
The ball python bites you but does no damage.
The ball python constricts you.
* * * LOW HITPOINT WARNING * * *
Grinder hits you.
* * * LOW HITPOINT WARNING * * *
You writhe in agony.
* * * LOW HITPOINT WARNING * * *
The ball python bites you.
You die...

#############'
#.....$.......
###≈≈~)~o≈≈~≈~~.
≈≈≈≈≈≈≈≈≈≈≈≈≈≈≈..
~~~~≈~≈≈~~~~~~~..
................
..######....#...
∆
....##..5S≈.≈####
........@.≈.≈...#
......#.##≈.≈##.
....#.#...≈≈≈#
..[ # ####..## #
.. #...######.##
. ###..........
##.........
#..).......
.......#<.......


You could see Grinder, an orc and a ball python.

Vanquished Creatures
  A scorpion (D:4)
  A hound (D:4)
  A gnoll (D:1)
  An adder (D:2)
  2 worms (D:3)
  2 orcs (D:4)
  9 endoplasms
  3 giant cockroaches
  12 goblins
  8 hobgoblins
  4 jackals (D:4)
  A quokka (D:1)
  7 ball pythons
  5 bats
  5 frilled lizards
  7 kobolds
  10 rats
79 creatures vanquished.

Notes
Turn   | Place    | Note
-------+----------+-------------------------------------------
     0 | D:1      | zeram the Gnoll Fighter began the quest for the Orb.
     0 | D:1      | Reached XP level 1. HP: 23/23 MP: 1/1
    21 | D:1      | Reached XP level 2. HP: 28/29 MP: 2/2
   405 | D:1      | Reached XP level 3. HP: 35/35 MP: 3/3
   675 | D:1      | Reached skill level 1 in Invocations
   681 | D:1      | Found a faded altar of an unknown god.
  1069 | D:2      | Reached skill level 1 in Short Blades
  1069 | D:2      | Reached skill level 1 in Long Blades
  1069 | D:2      | Reached skill level 1 in Maces & Flails
  1069 | D:2      | Reached skill level 1 in Polearms
  1069 | D:2      | Reached skill level 1 in Staves
  1069 | D:2      | Reached skill level 1 in Ranged Weapons
  1069 | D:2      | Reached skill level 1 in Throwing
  1069 | D:2      | Reached skill level 1 in Dodging
  1069 | D:2      | Reached skill level 1 in Stealth
  1069 | D:2      | Reached skill level 1 in Unarmed Combat
  1069 | D:2      | Reached skill level 1 in Spellcasting
  1069 | D:2      | Reached skill level 1 in Evocations
  1309 | D:2      | Reached XP level 4. HP: 41/41 MP: 5/5
  1704 | D:3      | Reached skill level 1 in Conjurations
  1704 | D:3      | Reached skill level 1 in Hexes
  1704 | D:3      | Reached skill level 1 in Summonings
  1704 | D:3      | Reached skill level 1 in Necromancy
  1704 | D:3      | Reached skill level 1 in Translocations
  1704 | D:3      | Reached skill level 1 in Transmutations
  1704 | D:3      | Reached skill level 1 in Fire Magic
  1704 | D:3      | Reached skill level 1 in Ice Magic
  1704 | D:3      | Reached skill level 1 in Air Magic
  1704 | D:3      | Reached skill level 1 in Earth Magic
  1704 | D:3      | Reached skill level 1 in Poison Magic
  1850 | D:3      | Found an ornate altar of the Wu Jian Council.
  2304 | D:3      | Found a broken altar of Ashenzari.
  2513 | D:4      | Found a runed translucent door.
  2514 | D:4      | Noticed a scorpion
  2519 | D:4      | Killed a scorpion
  2520 | D:4      | Reached XP level 5. HP: 40/47 MP: 5/7
  2533 | D:4      | Noticed Grinder
  2557 | D:4      | Paralysed by Grinder for 2 turns
  2590 | D:4      | Paralysed by Grinder for 3 turns
  2591 | D:4      | HP: 2/47 [Grinder (4)]
  2591 | D:4      | Slain by a ball python

Illustrated notes

Levels and vault maps discovered:
D:1:      amcnicky_arrival_feature_with_door, layout_loops_ring,
          hellmonk_ecumenical_altar_inner_sanctum
D:2:      layout_loops_ring
D:3:      layout_basic, nicolae_ashenzari_skybound, nzn_wu_jian_council_hall
D:4:      lemuel_castle_with_subvaults [lemuel_castle_interior_carwin_1],
          layout_rooms, kennysheep_orc_sif_temple, zin_purify,
          grunt_temple_overflow_open, mainiacjoe_overflow_cross_hatched,
          minmay_temple_entry_mist, nicolae_ossuary_entry_catacombs,
          ebering_ghost_reflecting_pool, chequers_jeans,
          chequers_serial_rivers_micro_d, kennysheep_doodads, uniq_grinder,
          uniq_duvessa

Skill      XL: |  1  2  3  4 |
---------------+-------------+-----
Invocations    | 1 |  1.9
Short Blades   | 1 |  1.7
Long Blades    | 1 |  1.7
Maces & Flails | 1 |  1.7
Polearms       | 1 |  1.7
Staves         | 1 |  1.7
Ranged Weapons | 1 |  1.7
Throwing       | 1 |  1.7
Dodging        | 1 |  1.7
Stealth        | 1 |  1.7
Unarmed Combat | 1 |  1.7
Spellcasting   | 1 |  1.7
Evocations     | 1 |  1.7
Conjurations   | 1 |  1.3
Hexes          | 1 |  1.3
Summonings     | 1 |  1.3
Necromancy     | 1 |  1.3
Translocations | 1 |  1.3
Transmutations | 1 |  1.3
Fire Magic     | 1 |  1.3
Ice Magic      | 1 |  1.3
Air Magic      | 1 |  1.3
Earth Magic    | 1 |  1.3
Poison Magic   | 1 |  1.3
Fighting       | |  6.7
Axes           | |  4.9
Armour         | |  6.7
Shields        | |  6.7

Action                   |  1- 3 |  4- 6 || total
-------------------------+-------+-------++-------
Melee: War axe           |     4 |       ||     4
       Bite              |     6 |    12 ||    18
       Spear             |    90 |   121 ||   211
  Use: Scroll            |       |     2 ||     2
       Potion            |       |     1 ||     1
Armor: Scale mail        |    11 |    56 ||    67
Dodge: Dodged            |    18 |    38 ||    56
Block: Buckler           |     8 |       ||     8
       Kite shield       |     8 |    69 ||    77
